 Dungeon Crawl Stone Soup version 0.23.2-40-g277498a001 (webtiles) character file.

Game seed: 3946133698306479000

21070 KamiKatze the Impaler (level 12, 0/97 HPs)
             Began as a Merfolk Berserker on Aug 12, 2019.
             Was a High Priest of Trog.
             Slain by a spiny frog (15 damage)
             ... on level 3 of the Lair of Beasts on Aug 20, 2019.
             The game lasted 01:01:40 (14527 turns).

KamiKatze the Impaler (Merfolk Berserker)          Turns: 14527, Time: 01:01:40

Health: 0/97       AC: 19    Str: 25    XL:     12   Next: 86%
Magic:  4/4        EV: 12    Int:  7    God:    Trog [*****.]
Gold:   703        SH:  0    Dex: 13    Spells: 11/11 levels left

rFire    . . .     SeeInvis +   v - +4 glaive (antimagic)
rCold    . . .     Gourm    .   (shield currently unavailable)
rNeg     . . .     Faith    .   F - +0 plate armour
rPois    .         Spirit   .   d - +2 helmet
rElec    .         Reflect  .   A - scarf {cloud immunity}
rCorr    .         Harm     .   o - +1 pair of gloves {Str+3}
MR       ++...                  (no boots)
Stlth    ..........             (no amulet)
HPRegen  1.26/turn              j - ring of see invisible
MPRegen  0.09/turn              (no ring)

@: lethally poisoned (0 -> 0), regenerating
A: change form in water, swift swim, stealthy swim
a: Berserk, Trog's Hand, Brothers in Arms, Renounce Religion


You were on level 3 of the Lair of Beasts.
You worshipped Trog.
Trog was extremely pleased with you.
You were not hungry.

You visited 3 branches of the dungeon, and saw 15 of its levels.

You collected 758 gold pieces.
You spent 55 gold pieces at shops.

Inventory:

Hand Weapons
 a - a +0 halberd
 b - a +1 spear of venom
 p - a +0 flail of holy wrath
 v - a +4 antimagic glaive (weapon)
 w - a +5 spear of flaming
 L - a +0 trident
 U - a +1 glaive
Missiles
 e - 82 poisoned needles
 h - 6 curare-tipped needles
 k - 719 stones
 l - 2 javelins of returning
 H - 3 tomahawks (quivered)
 P - a throwing net
Armour
 d - a +2 helmet (worn)
 o - a +1 pair of gloves of strength (worn)
 A - a scarf of cloud immunity (worn)
 F - a +0 plate armour (worn)
Jewellery
 j - a ring of see invisible (left hand)
Wands
 q - a wand of scattershot (4)
 s - a wand of polymorph (9)
 D - a wand of paralysis (11)
 E - a wand of acid (19)
 Q - a wand of disintegration (10)
 V - a wand of iceblast (7)
Scrolls
 i - 12 scrolls of remove curse
 n - 12 scrolls of teleportation
 x - 3 scrolls of fear
 y - 3 scrolls of magic mapping
Potions
 f - 4 potions of haste
 g - 2 potions of heal wounds
 m - 6 potions of flight
 r - 4 potions of might
 t - 4 potions of lignification
 u - 5 potions of curing
 G - a potion of agility
 M - a potion of ambrosia {unknown}
 N - a potion of berserk rage {unknown}
Comestibles
 c - 30 rations
 z - 7 chunks of flesh


   Skills:
 - Level 10.2 Fighting
 + Level 17.8 Polearms
 - Level 9.0 Armour
 - Level 10.6 Dodging


You had 11 spell levels left.
You didn't know any spells.
Your spell library was empty.

Dungeon Overview and Level Annotations

Branches:
Dungeon (11/15)            Temple (1/1) D:5            Lair (3/6) D:10
  Snake (0/4) Lair:2
  Swamp: Lair:2-4    Shoals: Lair:2-4       Orc: D:9-12

Altars:
Ashenzari
Cheibriados
Dithmenos
Elyvilon
Fedhas
Gozag
Hepliaklqana
Kikubaaqudgha
Makhleb
Nemelex Xobeh
Okawaru
Qazlal
Ru
Sif Muna
Trog
Uskayaw
Vehumet
Wu Jian
Xom
Yredelemnul
Zin
The Shining One

Shops:
D:7 [   D:10 (   D:11 *


Message History

The blink frog croaks.
You hit the spiny frog.
The spiny frog is moderately wounded.
You feel sick.
The blink frog hits you but does no damage.
The spiny frog stings you but does no damage.
The blink frog blinks!
Your skin crawls.
You feel resistant to hostile enchantments.
You feel somewhat more hungry.
You feel sick.
The blink frog blinks!
The spiny frog stings you!
* * * LOW HITPOINT WARNING * * *
Unknown command.
You feel sick. The spiny frog misses you.
The spiny frog stings you but does no damage.
There is a stone staircase leading up here.
You can't go down here!
Unknown command.
You feel sick. The spiny frog stings you!
You die...

#######
######....P##
##...#.......#
#............##
##...F@.#......#
##...FP.######..#
##.#..#### ####
#...F## ###.F..##
##.P.....#
##....#####
#....## #....###


You could see a spiny frog and 3 blink frogs.

Vanquished Creatures
  3 two-headed ogres
  A wizard (D:11)
  A cyclops (D:10)
  6 elephants (Lair:2)
  4 black mambas
  2 spiny frogs
  A rime drake (Lair:2)
  4 komodo dragons
  A troll (D:9)
  Prince Ribbit (D:5)
  4 hippogriffs
  Sigmund (D:5)
  2 wyverns
  26 yaks
  A shadow (D:11)
  4 hogs (D:7)
  A steam dragon (D:8)
  A human (D:7)
  A hungry ghost (D:10)
  Menkaure (D:4)
  2 nagas (Lair:2)
  2 porcupines (Lair:1)
  5 water moccasins
  An ice beast (D:8)
  3 orc warriors
  3 black bears
  3 sky beasts
  5 ogres
  4 wolves (Lair:2)
  A centaur (D:7)
  5 crocodiles
  12 bullfrogs
  3 gnoll sergeants
  3 scorpions
  2 jellies
  5 howler monkeys
  2 vampire bats (D:2)
  3 crimson imps
  3 bullfrog skeletons
  5 hounds
  4 orc priests
  2 centaur skeletons
  2 gnoll shamans (D:10)
  Natasha (thrice) (D:2)
  9 orc wizards
  4 iguanas
  13 worker ants
  A hound skeleton (D:10)
  A worker ant zombie (D:6)
  A howler monkey zombie (D:6)
  25 gnolls
  11 adders
  A shadow imp (D:5)
  An ooze (D:1)
  An adder zombie (D:9)
  4 worms
  6 leopard geckos
  48 orcs
  5 ball pythons
  5 bats
  3 bat skeletons (D:2)
  3 bat zombies (D:2)
  8 giant cockroaches
  5 goblins
  8 hobgoblins
  12 jackals
  10 kobolds
  6 quokkas
  5 frilled lizards
  A jackal skeleton (D:8)
  7 rats
  A plant (Lair:1)
354 creatures vanquished.

Vanquished Creatures (others)
  A fungus (Lair:1)
1 creature vanquished.

Grand Total: 355 creatures vanquished

Notes
Turn   | Place    | Note
-------+----------+-------------------------------------------
     0 | D:1      | KamiKatze the Merfolk Berserker began the quest for the
                  | Orb.
     0 | D:1      | Reached XP level 1. HP: 18/18 MP: 1/1
   301 | D:1      | Reached XP level 2. HP: 24/24 MP: 2/2
   377 | D:1      | Reached skill level 5 in Polearms
   794 | D:1      | Reached XP level 3. HP: 26/30 MP: 3/3
   924 | D:2      | Noticed Natasha
   934 | D:2      | Killed Natasha
   934 | D:2      | Reached skill level 6 in Polearms
  1117 | D:2      | Reached XP level 4. HP: 32/37 MP: 4/4
  1142 | D:2      | Noticed Natasha
  1156 | D:2      | Killed Natasha
  1411 | D:2      | Noticed Natasha
  1425 | D:2      | Killed Natasha
  1425 | D:2      | Reached skill level 7 in Polearms
  1493 | D:2      | Reached XP level 5. HP: 41/43 MP: 5/5
  1510 | D:2      | Reached ** piety under Trog
  1525 | D:2      | Found an ancient bone altar of Kikubaaqudgha.
  1748 | D:2      | Reached skill level 8 in Polearms
  1771 | D:2      | Reached XP level 6. HP: 44/50 MP: 6/6
  1896 | D:2      | Reached skill level 5 in Fighting
  2572 | D:3      | Reached skill level 9 in Polearms
  2582 | D:3      | Reached *** piety under Trog
  2760 | D:3      | Found a hazy altar of Hepliaklqana.
  2764 | D:3      | Found an opulent altar of Gozag.
  2773 | D:3      | Found a sparkling altar of Nemelex Xobeh.
  2987 | D:3      | Found a shimmering altar of Xom.
  2988 | D:3      | Found a shimmering altar of Xom.
  2988 | D:3      | Found a shimmering altar of Xom.
  2988 | D:3      | Found a shimmering altar of Xom.
  2989 | D:3      | Found a shimmering altar of Xom.
  3021 | D:3      | Reached XP level 7. HP: 56/56 MP: 7/7
  3327 | D:4      | Found an ornate altar of the Wu Jian Council.
  3600 | D:4      | You fall through a shaft!
  3600 | D:5      | Entered Level 5 of the Dungeon
  3600 | D:5      | Found a basalt altar of Yredelemnul.
  3831 | D:4      | Noticed Menkaure
  3840 | D:4      | Killed Menkaure
  3866 | D:4      | Reached skill level 10 in Polearms
  3934 | D:4      | Reached XP level 8. HP: 39/64 MP: 8/8
  4303 | D:5      | Noticed Sigmund
  4328 | D:5      | Killed Sigmund
  4674 | D:5      | Found a staircase to the Ecumenical Temple.
  4685 | Temple   | Entered the Ecumenical Temple
  5166 | D:5      | Reached skill level 11 in Polearms
  5229 | D:6      | Reached skill level 5 in Dodging
  5279 | D:6      | Found a bloodstained altar of Trog.
  5352 | D:6      | Noticed Prince Ribbit
  5398 | D:5      | Killed Prince Ribbit
  5398 | D:5      | Reached XP level 9. HP: 43/71 MP: 9/9
  5690 | D:6      | Found an opulent altar of Gozag.
  5786 | D:6      | Reached **** piety under Trog
  6002 | D:7      | Found Woubli's Antique Armour Boutique.
  6026 | D:7      | Found a glowing silver altar of Zin.
  6345 | D:7      | Reached skill level 12 in Polearms
  6446 | D:7      | Found a deep blue altar of Sif Muna.
  6860 | D:7      | Reached skill level 5 in Armour
  7025 | D:8      | Found an ancient bone altar of Kikubaaqudgha.
  7178 | D:8      | Found a bloodstained altar of Trog.
  7229 | D:7      | Reached XP level 10. HP: 47/80 MP: 10/10
  7261 | D:8      | Reached skill level 13 in Polearms
  7659 | D:8      | Noticed an angel
  7660 | D:8      | Found a glowing silver altar of Zin.
  7731 | D:8      | Reached ***** piety under Trog
  8748 | D:9      | Noticed a two-headed ogre
  8783 | D:9      | Killed a two-headed ogre
  8913 | D:9      | Reached skill level 14 in Polearms
  9333 | D:9      | Received a gift from Trog
  9721 | D:10     | Entered Level 10 of the Dungeon
  9724 | D:10     | Noticed a cyclops
 10107 | D:10     | Killed a cyclops
 10107 | D:10     | Reached XP level 11. HP: 87/87 MP: 11/11
 10122 | D:10     | Noticed a two-headed ogre
 10154 | D:9      | Killed a two-headed ogre
 10719 | D:10     | Reached skill level 15 in Polearms
 10748 | D:10     | Received a gift from Trog
 10831 | D:10     | Found a staircase to the Lair.
 10936 | D:10     | Found Hyqet's Antique Weapon Boutique.
 11082 | D:11     | Noticed a two-headed ogre
 11100 | D:11     | Killed a two-headed ogre
 11284 | D:11     | Found Ynipsoun's Assorted Antiques.
 11295 | D:11     | Bought an orange potion for 26 gold pieces
 11295 | D:11     | Bought a scroll labeled FORYNU QOLETA for 29 gold pieces
 11313 | D:11     | Noticed a wizard
 11333 | D:11     | Killed a wizard
 11829 | Lair:1   | Entered Level 1 of the Lair of Beasts
 12497 | Lair:1   | Reached skill level 16 in Polearms
 12497 | Lair:1   | Reached XP level 12. HP: 39/96 MP: 12/12
 13095 | Lair:1   | Identified 2 scrolls of acquirement
 13270 | Lair:1   | Reached skill level 10 in Dodging
 13492 | Lair:2   | Reached skill level 10 in Fighting
 13681 | Lair:1   | Received a gift from Trog
 13787 | Lair:2   | Reached skill level 17 in Polearms
 14100 | Lair:2   | Found a staircase to the Snake Pit.
 14527 | Lair:3   | Slain by a spiny frog

Skill      XL: |  1  2  3  4  5  6  7  8  9 10 11 12 |
---------------+-------------------------------------+-----
Polearms       | 5 6 7 8 9 10 11 12 14 16 17 | 17.8
Fighting       | 4 5 6 7 8 9 10 | 10.2
Dodging        | 3 5 6 8 9 10 | 10.6
Armour         | 2 4 5 6 8 9 |  9.0

Action                   |  1- 3 |  4- 6 |  7- 9 | 10-12 || total
-------------------------+-------+-------+-------+-------++-------
Melee: Spear             |    93 |   228 |   155 |   382 ||   858
       Trident           |       |       |   348 |   276 ||   624
       Halberd           |       |       |       |    80 ||    80
       Glaive            |       |       |       |   216 ||   216
Throw: Tomahawk          |       |       |     3 |    19 ||    22
       Stone             |       |       |     3 |     1 ||     4
       Javelin           |       |       |       |     2 ||     2
Invok: Berserk           |     1 |     4 |     5 |     6 ||    16
       Trog's Hand       |       |     1 |     7 |     4 ||    12
  Use: Scroll            |       |       |       |    24 ||    24
       Potion            |       |       |       |     1 ||     1
 Stab: Sleeping          |     3 |     2 |       |       ||     5
  Eat: Chunk             |     2 |    10 |    21 |    31 ||    64
Armor: Animal skin       |     7 |    23 |       |       ||    30
       Ring mail         |       |     7 |       |       ||     7
       Scale mail        |       |    12 |    84 |    69 ||   165
       Chain mail        |       |       |    48 |    54 ||   102
       Plate armour      |       |       |       |   156 ||   156
Dodge: Dodged            |    33 |   117 |   172 |   408 ||   730
